 Dungeon Crawl Stone Soup version 0.30-a0-620-g0e44632947 (console) character file.

Game seed: 10810718380385706175

1632 Ignak the Cudgeller (level 8, -12/80 HPs)
             Began as an Ogre Hedge Wizard on Jan 10, 2023.
             Was an Initiate of Okawaru.
             Mangled by a red devil
             ... wielding a +0 trident
             ... summoned by a kobold demonologist
              (14 damage)
             ... on level 7 of the Dungeon.
             The game lasted 00:21:44 (9232 turns).

Ignak the Cudgeller (Ogre Hedge Wizard)             Turns: 9232, Time: 00:21:44

Health: -12/80     AC:  4    Str: 17    XL:     8   Next: 98%
Magic:  4/15       EV: 10    Int: 15    God:    Okawaru [......]
Gold:   229        SH:  0    Dex:  8    Spells: 11/17 levels left

rFire   . . .      SeeInvis .    b - +1 whip (drain)
rCold   . . .      Faith    .    (no shield)
rNeg    . . .      Spirit   .    p - +0 robe
rPois   .          Reflect  .    w - +1 hat
rElec   .          Harm     .    (no cloak)
rCorr   .          Rampage  .    (gloves unavailable)
Will    +....                    (boots unavailable)
Stlth   +                        (no amulet)
HPRegen 0.33/turn                g - ring of willpower
MPRegen 0.14/turn                (no ring)

@: spiked, very slightly contaminated
A: large, unfitting armour, tough skin 1
a: Renounce Religion


You were on level 7 of the Dungeon.
You worshipped Okawaru.
Okawaru was noncommittal.
You visited 2 branches of the dungeon, and saw 8 of its levels.

You collected 229 gold pieces.

Inventory:

Hand Weapons
 a - a +0 giant spiked club
 b - a +1 whip of draining (weapon)
 e - a +2 scythe of venom
Missiles
 h - 16 boomerangs (quivered)
Armour
 p - a +0 robe (worn)
 w - a +1 hat (worn)
Jewellery
 g - a ring of willpower (left hand)
Wands
 d - a wand of flame (24)
Scrolls
 c - a scroll of poison
 i - a scroll of amnesia
 l - a scroll of blinking
 m - a scroll of magic mapping
 n - 2 scrolls of fog
 q - 4 scrolls of teleportation
Potions
 k - a potion of curing
 o - a potion of haste {unknown}
 r - a potion of mutation {unknown}
 v - a potion of heal wounds {unknown}


   Skills:
 * Level 5.2 Fighting
 * Level 6.4 Maces & Flails
 - Level 1.9 Throwing
 + Level 2.3 Armour
 + Level 3.3 Dodging
 - Level 1.4 Stealth
 - Level 1.0 Unarmed Combat
 + Level 5.0 Spellcasting
 + Level 2.6 Conjurations
 - Level 0.8 Summonings
 - Level 2.0 Translocations


You had 11 spell levels left.
You knew the following spells:

 Your Spells              Type           Power      Damage    Failure   Level
a - Magic Dart            Conj           44%        1d5       5%          1
b - Blink                 Tloc           18%        N/A       11%         2
d - Mephitic Cloud        Conj/Pois/Air  6%         N/A       34%         3

Your spell library contained the following spells:

 Spells                   Type           Power      Damage    Failure   Level
 Slow                     Hex            12%        N/A       16%         1
 Cigotuvi's Dreadful Rot  Necr/Pois/Air  6%         N/A       24%         2
 Call Imp                 Summ           Unusable   N/A       N/A         2

Dungeon Overview and Level Annotations

Branches:
Dungeon (7/15)             Temple (1/1) D:6

Altars:
Ashenzari
Cheibriados
Dithmenos
Elyvilon
Fedhas
Gozag
Hepliaklqana
Kikubaaqudgha
Makhleb
Nemelex Xobeh
Okawaru
Qazlal
Ru
Sif Muna
Trog
Uskayaw
Vehumet
Wu Jian
Xom
Yredelemnul
The Shining One

Shops:
D:7 [(?


Innate Abilities, Weirdness & Mutations

You are too large for most types of armour.
You have tough skin. (AC +1)


Message History

Barbed spikes become lodged in your body.
Unknown command.
Unknown command.
Casting: Mephitic Cloud (dangerous; 34% risk of failure)
Confirm with . or Enter, or press ? or * to list all spells.
Aiming: Mephitic Cloud (dangerous; 34% risk of failure)
Press: ? - help, Shift-Dir - straight line, f/p - red devil
Aim: a red devil, wielding a +0 trident (summoned, not susceptible)
The ball explodes into a vile cloud!
The stinking cloud engulfs the red devil but does no damage.
The stinking cloud engulfs the kobold demonologist but does no damage.
The kobold demonologist is engulfed in noxious fumes.
The red devil hits you from afar with a +0 trident!
* * * LOW HITPOINT WARNING * * *
Barbed spikes become lodged in your body.
Unknown command.
Casting: Mephitic Cloud (dangerous; 34% risk of failure)
Confirm with . or Enter, or press ? or * to list all spells.
Aiming: Mephitic Cloud (dangerous; 34% risk of failure)
Press: ? - help, Shift-Dir - straight line, f/p - red devil
Aim: a red devil, wielding a +0 trident (noxious fumes, summoned, not susceptible)
You miscast Mephitic Cloud.
Nothing appears to happen.
The kobold demonologist is engulfed in noxious fumes.
The kobold demonologist appears confused.
The red devil hits you from afar with a +0 trident!
* * * LOW HITPOINT WARNING * * *
Barbed spikes become lodged in your body.
Unknown command.
Okay, then.
It was a potion of curing.
You feel better.
The kobold demonologist is engulfed in noxious fumes.
The kobold demonologist appears confused.
The red devil hits you from afar with a +0 trident!
* * * LOW HITPOINT WARNING * * *
Barbed spikes become lodged in your body.
Casting: Mephitic Cloud (dangerous; 34% risk of failure)
Confirm with . or Enter, or press ? or * to list all spells.
You miscast Blink.
Nothing appears to happen.
The red devil hits you from afar with a +0 trident!
You die...

##..#####.##.####
##...#...........#
#......###.##.##.#
...(..........##.##.# #
######.#########..... #.
♣♣♣♣♣♣♣♣♣ #.# ##.... #.#
♣.......♣ #.# #....
#..##♣.8.⌠.∩K♣####+## #....
..............4.@...## #....
≈≈≈≈≈≈≈≈≈≈≈≈≈≈≈°≈≈≈..## #####.
≈≈≈≈≈≈≈≈≈≈≈≈≈≈≈≈≈≈≈...## ##.###.
#....................####...##.
....#♣.⌠.∩.∩.♣#........'.........
.. ♣.......♣#........####...###
♣♣♣♣♣♣♣♣♣#.......## ##.##
##.....## #.# ##...## #.#


You could see a kobold demonologist (confused) and a red devil (summoned).

Vanquished Creatures
  Sigmund (D:6)
  Menkaure (D:6)
  An orc warrior (D:7)
  2 black bears
  An ogre (D:4)
  A phantom (D:5)
  A bullfrog (D:5)
  A necrophage (D:4)
  3 scorpions
  An electric eel (D:7)
  5 orc priests
  A gnoll bouda (D:5)
  Jessica (D:2)
  2 iguanas (D:5)
  2 orc wizards
  7 gnolls
  5 adders
  2 shadow imps
  3 white imps
  2 worms
  5 dart slugs
  19 orcs
  7 endoplasms
  3 giant cockroaches
  7 goblins
  8 hobgoblins
  8 jackals
  9 kobolds
  4 quokkas
  6 ball pythons
  7 bats
  A frilled lizard (D:1)
  5 rats
132 creatures vanquished.

Vanquished Creatures (others)
  15 fungi (D:3)
  5 plants (D:4)
20 creatures vanquished.

Grand Total: 152 creatures vanquished

Notes
Turn   | Place    | Note
-------+----------+-------------------------------------------
     0 | D:1      | Ignak the Ogre Hedge Wizard began the quest for the Orb.
     0 | D:1      | Reached XP level 1. HP: 16/16 MP: 5/5
   343 | D:1      | Reached skill level 1 in Translocations
   414 | D:1      | Reached skill level 1 in Conjurations
   461 | D:1      | Reached XP level 2. HP: 26/26 MP: 4/6
   470 | D:1      | Learned a level 2 spell: Blink
   483 | D:1      | Reached skill level 1 in Fighting
   805 | D:1      | Reached XP level 3. HP: 29/33 MP: 8/8
  1708 | D:2      | Noticed Jessica
  1717 | D:2      | Learned a level 3 spell: Mephitic Cloud
  1742 | D:2      | Killed Jessica
  1743 | D:2      | Reached skill level 1 in Throwing
  1743 | D:2      | Reached skill level 1 in Unarmed Combat
  1743 | D:2      | Reached XP level 4. HP: 42/42 MP: 6/9
  1937 | D:3      | Found a stormy altar of Qazlal.
  1945 | D:3      | Found a hide-covered altar of Uskayaw.
  2067 | D:3      | Reached skill level 1 in Armour
  2161 | D:3      | Found a faded altar of an unknown god.
  2907 | D:2      | Reached XP level 5. HP: 12/50 MP: 6/11
  3406 | D:4      | Found a shimmering blue altar of Sif Muna.
  3733 | D:4      | Found a burning altar of Makhleb.
  3861 | D:4      | Reached XP level 6. HP: 33/61 MP: 10/12
  4089 | D:4      | Reached skill level 1 in Maces & Flails
  4596 | D:4      | Reached skill level 2 in Maces & Flails
  4885 | D:5      | Entered Level 5 of the Dungeon
  4930 | D:5      | Reached XP level 7. HP: 66/67 MP: 13/13
  4990 | D:5      | Found a broken altar of Ashenzari.
  5013 | D:5      | Reached skill level 3 in Maces & Flails
  5715 | D:5      | Reached skill level 4 in Maces & Flails
  6373 | D:6      | Noticed Sigmund
  6521 | D:6      | Killed Sigmund
  6522 | D:6      | Reached skill level 5 in Maces & Flails
  6522 | D:6      | Reached XP level 8. HP: 73/75 MP: 12/14
  7606 | D:6      | Reached skill level 6 in Maces & Flails
  7823 | D:6      | Found a staircase to the Ecumenical Temple.
  7837 | Temple   | Entered the Ecumenical Temple
  7925 | Temple   | Became a worshipper of Warmaster Okawaru
  8092 | D:6      | Noticed Menkaure
  8102 | D:6      | Killed Menkaure
  8860 | D:7      | Reached skill level 5 in Fighting
  8860 | D:7      | Reached skill level 5 in Spellcasting
  9102 | D:7      | Found Zuunuad's Magic Scroll Emporium.
  9102 | D:7      | Found Icwef's Weapon Boutique.
  9104 | D:7      | Found Nijot's Antique Armour Shoppe.
  9224 | D:7      | Noticed a kobold demonologist
  9226 | D:7      | Noticed a red devil
  9230 | D:7      | HP: 4/80 [red devil/+0 trident[a kobold demonologist] (17)]
  9232 | D:7      | Mangled by a red devil

Illustrated notes

Levels and vault maps discovered:
D:1:      mrwooster_arrival_statue_3, layout_loops_ring, supply_closet_lemuel
D:2:      layout_rooms, minmay_pentomino_o2, uniq_jessica
D:3:      layout_rooms, mainiacjoe_overflow_catch_the_wave,
          ebering_ecumenical_altar_mist
D:4:      layout_basic, nicolae_sif_muna_condensation,
          mainiacjoe_overflow_alcove_4
D:5:      cheibrodos_helix_gallery, layout_basic, lemuel_tele_altar
D:6:      layout_rooms, minmay_temple_entry_large_hall, uniq_sigmund,
          uniq_menkaure
D:7:      layout_loops_corners, nicolae_wooded_promenade
Temple:   minmay_temple_bridge_d

Skill      XL: |  1  2  3  4  5  6  7  8 |
---------------+-------------------------+-----
Translocations | 1 2 |  2.0
Conjurations   | 1 2 |  2.6
Fighting       | 1 2 3 5 |  5.2
Dodging        | 2 3 |  3.3
Throwing       | 1 |  1.9
Unarmed Combat | 1 |  1.0
Spellcasting   | 4 5 |  5.0
Armour         | 1 2 |  2.3
Maces & Flails | 2 5 6 |  6.4
Stealth        | |  1.4
Summonings     | |  0.8

Action                   |  1- 3 |  4- 6 |  7- 9 || total
-------------------------+-------+-------+-------++-------
Melee: Dagger            |    32 |       |       ||    32
       Punch             |     3 |     4 |     2 ||     9
       Club              |    73 |   150 |       ||   223
       Flail             |       |   124 |   131 ||   255
       Giant spiked club |       |     5 |    25 ||    30
       Whip              |       |       |    58 ||    58
Throw: Boomerang         |     1 |       |     6 ||     7
 Cast: Magic Dart        |    57 |    17 |    11 ||    85
       Mephitic Cloud    |     1 |     9 |    17 ||    27
       Blink             |       |     7 |    12 ||    19
Evoke: Wand              |       |       |    10 ||    10
  Use: Scroll            |       |       |     8 ||     8
       Potion            |       |       |     8 ||     8
 Stab: Confused          |       |     1 |    11 ||    12
       Sleeping          |       |     1 |     2 ||     3
Armor: Robe              |    71 |    95 |    70 ||   236
Dodge: Dodged            |    73 |   189 |   145 ||   407

Table legend: (Time is in decaauts)
 A = Elapsed time spent in this place.
 B = Non-inter-level travel time spent in this place.
 C = Inter-level travel time spent in this place.
 D = Time resting spent in this place.
 E = Time spent auto-exploring this place.
 F = Levels seen in this place.
 G = Mean time per level.
                   A        B        C        D        E       F      G
               +--------+--------+--------+--------+--------+-----+--------+
         Total |   9380 |   9193 |    187 |   3089 |   3398 |   8 | 1172.5 |
       Dungeon |   9220 |   9085 |    135 |   3089 |   3345 |   7 | 1317.1 |
        Temple |    160 |    108 |     52 |      0 |     53 |   1 |  160.0 |
               +--------+--------+--------+--------+--------+-----+--------+

Top non-repeatable levels by time:
     D:5: 2589 daAuts
     D:4: 1524 daAuts
     D:2: 1349 daAuts
     D:1: 1330 daAuts
     D:6: 1010 daAuts
     D:3: 798 daAuts
     D:7: 618 daAuts
  Temple: 160 daAuts
